 Dungeon Crawl Stone Soup version 0.25.1-1-g288607f5aa (webtiles) character file.

Game seed: 14540381059315807329

16 RaHiT the Charlatan (level 2, -1/13 HPs)
             Began as a Felid Artificer on July 23, 2020.
             Slain by a hobgoblin
             ... wielding a +0 club
              (2 damage)
             ... on level 2 of the Dungeon.
             The game lasted 00:02:19 (738 turns).

RaHiT the Charlatan (Felid Artificer)                Turns: 738, Time: 00:02:20

Health: -1/13      AC:  1    Str:  8    XL:     2   Next: 37%
Magic:  5/5        EV: 18    Int: 18    God:
Gold:   43         SH:  0    Dex: 16    Spells: 1/1 levels left
                                        Lives:  0   Deaths: 0

rFire    . . .     SeeInvis +     - Unarmed
rCold    . . .     Gourm    .   (shield unavailable)
rNeg     . . .     Faith    .   (armour unavailable)
rPois    .         Spirit   .   (helmet unavailable)
rElec    .         Reflect  .   (cloak unavailable)
rCorr    .         Harm     .   (gloves unavailable)
MR       .....                  (boots unavailable)
Stlth    ++........             (no amulet)
HPRegen  0.04/turn              l - +6 ring of intelligence
MPRegen  0.09/turn              (no ring)

@: quick
A: very small, no armour, no weapons or thrown items, stealth, claws 1, fangs 3,
see invisible, carnivore, speed 1, shaggy fur 1, slow metabolism 1, sharp paws
a: no special abilities


You were on level 2 of the Dungeon.
You were completely stuffed.

You visited 1 branch of the dungeon, and saw 2 of its levels.

You collected 43 gold pieces.

Inventory:

Jewellery
 l - a +6 ring of intelligence (left paw)
Wands
 a - a wand of flame (15)
 b - a wand of enslavement (15)
 c - a wand of random effects (15)
Scrolls
 f - a scroll of identify {unknown}
Potions
 e - a potion of curing {unknown}
 g - a potion of lignification {unknown}
 j - a potion of stabbing {unknown}
Comestibles
 d - 3 rations
 m - 2 chunks of flesh


   Skills:
 * Level 1.7 Fighting
 + Level 3.0 Dodging
 - Level 1.3 Stealth
 * Level 1.6 Unarmed Combat
 - Level 3.2 Evocations


You had one spell level left.
You didn't know any spells.
Your spell library was empty.

Dungeon Overview and Level Annotations

Branches:
Dungeon (2/15)

Altars:
Xom


Innate Abilities, Weirdness & Mutations

You cannot wear armour.
You are incapable of wielding weapons or throwing items.
Your paws allow you to move quietly. (Stealth)
You have sharp claws.
You have razor-sharp teeth.
You have supernaturally acute eyesight. (SInv)
You are carnivorous and can eat meat at any time.
You cover ground quickly.
You are covered in fur. (AC +1)
You have a slow metabolism.
Your sharp claws are effective at attacking unaware monsters.


Message History

You barely miss the hobgoblin. The hobgoblin closely misses you.
You scratch the hobgoblin but do no damage.
The hobgoblin barely misses you. The hobgoblin completely misses you.
You scratch the hobgoblin.
The hobgoblin is moderately wounded.
The hobgoblin hits you with a +0 club.
You are too injured to fight recklessly!
You are too injured to fight recklessly!
You are too injured to fight recklessly!
The hobgoblin closely misses you. The hobgoblin closely misses you.
The hobgoblin closely misses you. The hobgoblin hits you with a +0 club.
* * * LOW HITPOINT WARNING * * *
You see here a kobold corpse.
The hobgoblin hits you with a +0 club.
* * * LOW HITPOINT WARNING * * *
The hobgoblin is no longer moving quickly.
The hobgoblin hits you with a +0 club.
You die...

#<......#.#
#.#######.#
#.......#.#
#.#######.#.#
#....<....#.#
######.####.#
......รท...#.######
................>#
##........#.####@#
#...#....#.# #g#
#...#....#.# #.#
#...#....#.# #.#
#........#.# #.#
.....#####.# #.#
... #.# #.# #.# #.#


You could see a hobgoblin.

Vanquished Creatures
  An ooze (D:1)
  A leopard gecko (D:1)
  2 giant cockroaches (D:1)
  2 goblins (D:1)
  A hobgoblin (D:1)
  A bat (D:2)
  2 kobolds (D:2)
10 creatures vanquished.

Notes
Turn   | Place    | Note
-------+----------+-------------------------------------------
     0 | D:1      | RaHiT the Felid Artificer began the quest for the Orb.
     0 | D:1      | Reached XP level 1. HP: 9/9 MP: 4/4
   196 | D:1      | Found a shimmering altar of Xom.
   537 | D:1      | Reached XP level 2. HP: 12/12 MP: 5/5
   637 | D:2      | Found a faded altar of an unknown god.
   738 | D:2      | Slain by a hobgoblin

Illustrated notes

Levels and vault maps discovered:
D:1:      sevenhm_arrival_forest_fort_small_3, layout_rooms, fountainhead,
          xom_teletrap_fun
D:2:      layout_basic, chequers_ecumenical_altar_island, grunt_ministairs_9,
          minmay_bisected

Skill      XL: |  1 |
---------------+----+-----
Dodging        | 3 |  3.0
Fighting       | |  1.7
Stealth        | |  1.3
Unarmed Combat | |  1.6
Evocations     | |  3.2

Action                   || total
-------------------------++-------
Melee: Unarmed           ||    48
       Bite              ||     7
  Use: Scroll            ||     4
  Eat: Chunk             ||     7
Armor: Skin              ||     3
Dodge: Dodged            ||    39
